Islander vs Phantoms
Created - December 3, 2024 at 22:12
Goals
|
Islander |
2 |
2 |
1 |
5 |
Phantoms |
0 |
2 |
1 |
3 |
|
Shots
|
Islander |
8 |
15 |
15 |
38 |
Phantoms |
4 |
13 |
7 |
24 |
|
1st period
1. Islander , Austin Watson 11 (Joe Labate 16) at 3:49 (PP)
2. Islander , Rhett Gardner 3 (Oliver Kylington 18, Slater Koekkoek 7) at 11:08
Penalties :
Laurent Dauphin (Leh) for Hooking (Minor) at 3:45, A.J. Greer (Leh) for Interference (Minor) at 4:53, Rem Pitlick (Leh) for Tripping (Minor) at 11:48
2nd period
3. Phantoms , Sven Andrighetto 10 (Lucas Wallmarkk 14, Rinat Valiev 7) at 3:56 (PP)
4. Phantoms , J.T. Brown 1 (Blake Heinrich 6, Cristoval Nieves 8) at 11:25
5. Islander , Joe Labate 11 (Austin Watson 11) at 11:35
6. Islander , Joe Labate 12 (Austin Watson 12, Oliver Kylington 19) at 15:04 (PP)
Penalties :
Jakub Galvas (BRI) for Hooking (Minor) at 3:39, Simon Benoit (BRI) for Roughing (Minor) at 6:09, Rem Pitlick (Leh) for Boarding (Minor) at 13:34
3rd period
7. Islander , Pavel Kraskovsky 6 (Ross Colton 4, Oliver Kylington 20) at 13:45
8. Phantoms , Laurent Dauphin 2 (Oliver Wahlstrom 2, Rinat Valiev 8) at 19:50
Penalties :
Joe Labate (BRI) for Interference (Minor) at 4:45, Lucas Wallmarkk (Leh) for Roughing (Minor) at 4:56, Matt Kiersted (Leh) for High sticking (Minor) at 14:08, Mikko Lehtonen (Leh) for High sticking (Minor) at 16:57
Goalie Stats
Ivan Fedotov (BRI), 21 saves from 24 shots - (0.875), W, 10-7-1, 60:00 minutes
Zachary Fucale (Leh), 33 saves from 38 shots - (0.868), L, 6-7-3, 60:00 minutes
Players Stats for Islander
Player Name G A P +/- PIM S H SB GA TA FO MP PP MP PK MP
------------------------------------------------------------------------------------
Alexander Yelesin 0 0 0 0 0 2 0 1 0 0 0/0 19:46 3:09 0:48
Austin Watson 1 2 3 0 0 3 1 1 1 1 2/3 19:11 5:12 0:00
Ben Thomson 0 0 0 0 0 4 2 0 1 1 2/4 22:47 5:23 1:25
Connor Dewar 0 0 0 0 0 1 1 0 0 0 1/3 7:08 0:00 0:07
Filip Zadina 0 0 0 0 0 4 1 0 0 0 0/0 18:35 4:17 0:29
Jaden Lindo 0 0 0 1 0 0 2 0 0 0 0/0 10:49 0:01 0:00
Jake Walman 0 0 0 0 0 0 0 3 0 1 0/0 19:46 3:09 0:48
Jakub Galvas 0 0 0 0 2 0 0 0 0 0 0/0 10:14 0:00 0:00
Joe Labate 2 1 3 0 2 5 3 0 1 1 18/37 21:25 5:23 1:14
Noah Cates 0 0 0 1 0 0 2 0 0 0 0/0 11:46 0:01 0:33
Oliver Kylington 0 3 3 1 0 8 1 2 3 0 0/0 29:59 6:32 1:39
Pavel Koltygin 0 0 0 0 0 1 2 0 0 0 0/0 6:38 0:00 0:00
Pavel Kraskovsky 1 0 1 0 0 1 5 0 2 0 7/12 18:35 4:17 0:29
Rhett Gardner 1 0 1 1 0 3 2 0 2 0 5/7 13:21 0:12 0:37
Ross Colton 0 1 1 0 0 4 0 1 1 0 2/2 18:31 4:17 0:00
Simon Benoit 0 0 0 0 2 0 0 0 0 0 0/0 10:34 0:00 0:00
Slater Koekkoek 0 1 1 1 0 1 0 2 0 2 0/0 29:59 6:32 1:39
Steven Spinner 0 0 0 0 0 1 3 0 0 0 0/0 6:38 0:00 0:00
Players Stats for Phantoms
Player Name G A P +/- PIM S H SB GA TA FO MP PP MP PK MP
------------------------------------------------------------------------------------
A.J. Greer 0 0 0 -2 2 1 0 1 0 0 0/0 12:48 0:02 0:59
Andrey Pedan 0 0 0 -2 0 0 2 0 0 2 0/0 20:50 0:53 3:58
Blake Heinrich 0 1 1 1 0 3 2 4 0 3 0/0 29:28 1:34 5:50
Brett Murray 0 0 0 1 0 1 2 0 0 0 0/0 7:24 0:00 0:00
Cristoval Nieves 0 1 1 1 0 1 1 0 1 3 4/6 16:59 0:56 2:57
David Kampf 0 0 0 -2 0 3 1 1 0 0 3/6 11:14 0:02 0:04
J.T. Brown 1 0 1 1 0 2 6 0 0 1 2/5 17:43 0:02 2:47
Joe Snively 0 0 0 -1 0 5 2 0 2 1 0/1 17:41 1:29 0:29
Laurent Dauphin 1 0 1 1 2 2 2 0 0 0 3/4 7:07 0:00 0:00
Lucas Wallmarkk 0 1 1 -1 2 1 1 3 0 0 19/43 21:44 1:28 5:37
Matt Kiersted 0 0 0 0 2 0 1 2 0 0 0/0 12:56 0:00 3:02
Mikko Lehtonen 0 0 0 0 2 0 2 3 2 0 0/0 23:42 1:34 0:39
Nick Sorensen 0 0 0 -2 0 1 0 0 0 0 0/1 12:18 0:56 0:00
Oliver Wahlstrom 0 1 1 1 0 1 0 0 0 0 0/0 7:08 0:00 0:00
Rem Pitlick 0 0 0 1 4 2 1 0 1 0 0/0 14:55 0:56 0:52
Riley Stillman 0 0 0 0 0 0 0 0 0 0 0/0 10:20 0:00 0:28
Rinat Valiev 0 2 2 -1 0 0 1 0 0 1 0/0 22:52 0:53 5:25
Sven Andrighetto 1 0 1 -1 0 1 0 0 0 0 0/2 21:15 1:29 5:37
3 Stars
1 - Joe Labate (BRI)
2 - Austin Watson (BRI)
3 - Oliver Kylington (BRI)
Power Play
Islander - 2 on 7 Attempt(s) - 28.57%
Phantoms - 1 on 3 Attempt(s) - 33.33%
Penalty Kill
Islander - 2 on 3 Attempt(s) - 66.67%
- Score 0 goal in Penalty Kill
Phantoms - 5 on 7 Attempt(s) - 71.43%
- Score 0 goal in Penalty Kill
Team Stat
Islander - Hits : 25 - Faceoff Wins : 37 - Blocked Shots : 10 - Penalty Minutes : 6
Phantoms - Hits : 24 - Faceoff Wins : 31 - Blocked Shots : 14 - Penalty Minutes : 14
Official
Referees : Kelly Sutherland and Gord Dwyer
Linesman : Kyle Flemington and Jesse Marquis
Game Notes
No Game Note
Finance
Level 1 -- Attendance: 1954 (97.70%) -- Ticket Income $136,780
Level 2 -- Attendance: 931 (93.10%) -- Ticket Income $37,240
Total Attendance: 2885 (96.17%)
Total Ticket Income: $174,020
Other Income: $8,701
Total Income: $182,721
Islander
5 vs 5 Forward
Center Left Wing Right Wing Time % Phy DF OF
1 Joe Labate Ben Thomson Austin Watson 40 1 2 2
2 Pavel Kraskovsky Filip Zadina Ross Colton 30 1 2 2
3 Rhett Gardner Noah Cates Jaden Lindo 20 1 2 2
4 Connor Dewar Pavel Koltygin Steven Spinner 10 1 2 2
5 vs 5 Defense
Defense Defense Time % Phy DF OF
1 Oliver Kylington Slater Koekkoek 40 1 2 2
2 Jake Walman Alexander Yelesin 30 1 2 2
3 Jakub Galvas Simon Benoit 20 1 2 2
4 Oliver Kylington Slater Koekkoek 10 1 2 2
PowerPlay Forward
Center Left Wing Right Wing Time % Phy DF OF
1 Joe Labate Ben Thomson Austin Watson 60 1 2 2
2 Pavel Kraskovsky Filip Zadina Ross Colton 40 1 2 2
PowerPlay Defense
Defense Defense Time % Phy DF OF
1 Oliver Kylington Slater Koekkoek 60 1 2 2
2 Jake Walman Alexander Yelesin 40 1 2 2
Penalty Kill 4 Players Forward
Center Wing Time % Phy DF OF
1 Joe Labate Ben Thomson 60 1 2 2
2 Pavel Kraskovsky Filip Zadina 40 1 2 2
Penalty Kill 4 Players Defense
Defense Defense Time % Phy DF OF
1 Oliver Kylington Slater Koekkoek 60 1 2 2
2 Jake Walman Alexander Yelesin 40 1 2 2
Penalty Kill - 3 Players Forward
Forward Time % Phy DF OF
1 Joe Labate 60 1 2 2
2 Pavel Kraskovsky 40 1 2 2
Penalty Kill - 3 Players Defense
Defense Defense Time % Phy DF OF
1 Oliver Kylington Slater Koekkoek 60 1 2 2
2 Jake Walman Alexander Yelesin 40 1 2 2
4 vs 4 Forward
Center Wing Time % Phy DF OF
1 Joe Labate Ben Thomson 60 1 2 2
2 Pavel Kraskovsky Filip Zadina 40 1 2 2
4 vs 4 Defense
Defense Defense Time % Phy DF OF
1 Oliver Kylington Slater Koekkoek 60 1 2 2
2 Jake Walman Alexander Yelesin 40 1 2 2
Last Minutes Offensive
Center Left Wing Right Wing Defense Defense
Joe Labate Ben Thomson Austin Watson Oliver Kylington Slater Koekkoek
Last Minutes Defensive
Center Left Wing Right Wing Defense Defense
Joe Labate Ben Thomson Austin Watson Oliver Kylington Slater Koekkoek
Goaltenders
Starting : Ivan Fedotov
Backup : Chris Driedger
Extra Forwards
Normal : Rhett Gardner, Ross Colton, Connor Dewar - PP : Rhett Gardner, Ross Colton - PK : Rhett Gardner
Extra Defensemen
Normal : Alexander Yelesin, Jakub Galvas, Simon Benoit - PP : Alexander Yelesin - PK : Alexander Yelesin, Jakub Galvas
Penalty Shots
Austin Watson, Joe Labate, Pavel Kraskovsky, Ben Thomson, Rhett Gardner
Custom OT Lines Forwards
Austin Watson, Joe Labate, Pavel Kraskovsky, Ben Thomson, Rhett Gardner, Ross Colton, Connor Dewar, Filip Zadina, Noah Cates, Jaden Lindo
Custom OT Lines Defensemen
Oliver Kylington, Slater Koekkoek, Jake Walman, Alexander Yelesin, Jakub Galvas
Scratches
Alex Steeves (Healthy), Philip Tomasino (Healthy), Radovan Bondra (Healthy), Tyrell Goulbourne (Healthy), Casey Staum (Healthy)
Cole Koepke (Healthy), Marcus Davidsson (Healthy), Jackson LaCombe (Healthy), Ronnie Attard (Healthy), Frederik Dichow (Healthy)
Phantoms
5 vs 5 Forward
Center Left Wing Right Wing Time % Phy DF OF
1 Lucas Wallmarkk Joe Snively Sven Andrighetto 42 0 2 3
2 Cristoval Nieves J.T. Brown Rem Pitlick 33 0 2 3
3 David Kampf Nick Sorensen A.J. Greer 20 0 3 2
4 Laurent Dauphin Brett Murray Oliver Wahlstrom 5 0 3 2
5 vs 5 Defense
Defense Defense Time % Phy DF OF
1 Blake Heinrich Mikko Lehtonen 45 0 2 3
2 Andrey Pedan Rinat Valiev 35 0 2 3
3 Riley Stillman Matt Kiersted 20 1 3 1
4 Riley Stillman Matt Kiersted 0 1 3 1
PowerPlay Forward
Center Left Wing Right Wing Time % Phy DF OF
1 Lucas Wallmarkk Joe Snively Sven Andrighetto 60 0 1 4
2 Cristoval Nieves Nick Sorensen Rem Pitlick 40 0 1 4
PowerPlay Defense
Defense Defense Time % Phy DF OF
1 Blake Heinrich Mikko Lehtonen 60 0 1 4
2 Andrey Pedan Rinat Valiev 40 0 1 4
Penalty Kill 4 Players Forward
Center Wing Time % Phy DF OF
1 Lucas Wallmarkk Sven Andrighetto 60 1 4 0
2 Cristoval Nieves J.T. Brown 40 1 4 0
Penalty Kill 4 Players Defense
Defense Defense Time % Phy DF OF
1 Blake Heinrich Rinat Valiev 60 1 4 0
2 Andrey Pedan Matt Kiersted 40 1 4 0
Penalty Kill - 3 Players Forward
Forward Time % Phy DF OF
1 Lucas Wallmarkk 60 1 4 0
2 J.T. Brown 40 1 4 0
Penalty Kill - 3 Players Defense
Defense Defense Time % Phy DF OF
1 Blake Heinrich Rinat Valiev 60 1 4 0
2 Andrey Pedan Matt Kiersted 40 1 4 0
4 vs 4 Forward
Center Wing Time % Phy DF OF
1 Lucas Wallmarkk Joe Snively 60 1 2 2
2 Cristoval Nieves Sven Andrighetto 40 1 2 2
4 vs 4 Defense
Defense Defense Time % Phy DF OF
1 Blake Heinrich Mikko Lehtonen 60 1 2 2
2 Andrey Pedan Rinat Valiev 40 1 2 2
Last Minutes Offensive
Center Left Wing Right Wing Defense Defense
Lucas Wallmarkk Joe Snively Sven Andrighetto Blake Heinrich Mikko Lehtonen
Last Minutes Defensive
Center Left Wing Right Wing Defense Defense
Lucas Wallmarkk J.T. Brown Sven Andrighetto Blake Heinrich Rinat Valiev
Goaltenders
Starting : Zachary Fucale
Backup : Kevin Lankinen
Extra Forwards
Normal : Joe Snively, J.T. Brown, Nick Sorensen - PP : Joe Snively, Rem Pitlick - PK : Rem Pitlick
Extra Defensemen
Normal : Blake Heinrich, Rinat Valiev, Andrey Pedan - PP : Mikko Lehtonen - PK : Blake Heinrich, Rinat Valiev
Penalty Shots
Joe Snively, Sven Andrighetto, Nick Sorensen, Lucas Wallmarkk, Rem Pitlick
Custom OT Lines Forwards
Sven Andrighetto, Joe Snively, Lucas Wallmarkk, J.T. Brown, Cristoval Nieves, Rem Pitlick, Nick Sorensen, David Kampf, Oliver Wahlstrom, A.J. Greer
Custom OT Lines Defensemen
Blake Heinrich, Mikko Lehtonen, Andrey Pedan, Rinat Valiev, Matt Kiersted
Scratches
Anthony Angello (Healthy), Benoit-Olivier Groulx (Healthy), Cooper Marody (Healthy), Ty Smith (Healthy), Morgan Klimchuk (Bruised Left Arm Injury)
Victor Berglund (Healthy), Fabian Zetterlund (Healthy), David Gustafsson (Healthy), Josiah Slavin (Healthy), Cam York (Healthy)
Kaedan Korczak (Healthy), Danil Zhuravlyov (Healthy), Alex Beaucage (Healthy), Arsen Khisamutdinov (Healthy), Jacob Ingham (Healthy)
Zachary Sawchenko (Healthy)
% Time on Ice - Islander
Lines # - Real PCT - Wanted PCT - Time Play
Normal Forward
1 - 33% - 40% - 15:14
2 - 30% - 30% - 13:49
3 - 23% - 20% - 10:23
4 - 14% - 10% - 6:38
Normal Defense
1 - 39% - 40% - 18:04
2 - 34% - 30% - 15:37
3 - 22% - 20% - 10:15
4 - 5% - 10% - 2:08
PP Forward
1 - 56% - 60% - 5:24
2 - 44% - 40% - 4:17
PP Defense
1 - 67% - 60% - 6:32
2 - 33% - 40% - 3:09
PK Forward
1 - 80% - 60% - 1:58
2 - 20% - 40% - 0:29
PK Defense
1 - 67% - 60% - 1:39
2 - 33% - 40% - 0:48
PK3 Forward
1 - 0% - 60%
2 - 0% - 40%
PK3 Defense
1 - 0% - 60%
2 - 0% - 40%
44 Forward
1 - 100% - 60% - 1:48
2 - 0% - 40% - 0:00
44 Defense
1 - 89% - 60% - 1:36
2 - 11% - 40% - 0:12
Last Minute Offensive - 0:00
Last Minute Defensive - 0:00
Total
Forward - 60:00
Defense - 60:00
|
% Time on Ice - Phantoms
Lines # - Real PCT - Wanted PCT - Time Play
Normal Forward
1 - 33% - 42% - 14:59
2 - 28% - 33% - 13:06
3 - 24% - 20% - 10:51
4 - 15% - 5% - 7:08
Normal Defense
1 - 45% - 45% - 20:45
2 - 34% - 35% - 15:27
3 - 20% - 20% - 9:25
4 - 1% - 0% - 0:27
PP Forward
1 - 62% - 60% - 1:31
2 - 38% - 40% - 0:56
PP Defense
1 - 64% - 60% - 1:34
2 - 36% - 40% - 0:53
PK Forward
1 - 73% - 60% - 7:05
2 - 27% - 40% - 2:36
PK Defense
1 - 54% - 60% - 5:15
2 - 46% - 40% - 4:26
PK3 Forward
1 - 0% - 60%
2 - 0% - 40%
PK3 Defense
1 - 0% - 60%
2 - 0% - 40%
44 Forward
1 - 100% - 60% - 1:48
2 - 0% - 40% - 0:00
44 Defense
1 - 87% - 60% - 1:34
2 - 13% - 40% - 0:14
Last Minute Offensive - 0:00
Last Minute Defensive - 0:00
Total
Forward - 60:00
Defense - 60:00
|
Play-by-Play
1st period
0:01 of 1st period - Joe Labate wins face-off versus Lucas Wallmarkk in neutral zone.
0:26 of 1st period - J.T. Brown is hit by Pavel Kraskovsky and loses puck.
1:03 of 1st period - Off-side.
1:04 of 1st period - Connor Dewar wins face-off versus David Kampf in neutral zone.
2:30 of 1st period - Jakub Galvas is hit by Rinat Valiev and loses puck.
2:37 of 1st period - Snap shot by Pavel Koltygin.
2:37 of 1st period - Stopped by Zachary Fucale without a rebound.
2:38 of 1st period - Joe Labate wins face-off versus Lucas Wallmarkk in Phantoms zone.
3:33 of 1st period - Wrist shot by Oliver Wahlstrom.
3:33 of 1st period - Stopped by Ivan Fedotov with a rebound.
3:45 of 1st period - Minor Penalty to Laurent Dauphin for Hooking.
3:46 of 1st period - Joe Labate wins face-off versus Lucas Wallmarkk in Phantoms zone.
3:49 of 1st period - Snap shot by Austin Watson.
3:49 of 1st period - Goal by Austin Watson - Islander : 1 - Phantoms : 0.
3:50 of 1st period - Austin Watson wins face-off versus Lucas Wallmarkk in neutral zone.
4:16 of 1st period - Pavel Kraskovsky is hit by Rem Pitlick and loses puck.
4:25 of 1st period - Snap shot by Filip Zadina.
4:25 of 1st period - Stopped by Zachary Fucale with a rebound.
4:53 of 1st period - Minor Penalty to A.J. Greer for Interference.
4:54 of 1st period - Austin Watson wins face-off versus Lucas Wallmarkk in Phantoms zone.
5:26 of 1st period - Blake Heinrich is hit by Pavel Kraskovsky and loses puck.
6:53 of 1st period - Penalty to A.J. Greer is over, A.J. Greer is back on ice.
7:21 of 1st period - Snap shot by Rhett Gardner.
7:21 of 1st period - Deflect By Connor Dewar.
7:21 of 1st period - Shot Blocked by Mikko Lehtonen.
7:21 of 1st period - Puck is out of play.
7:22 of 1st period - Laurent Dauphin wins face-off versus Connor Dewar in Phantoms zone.
7:58 of 1st period - Jaden Lindo is hit by J.T. Brown and loses puck.
8:33 of 1st period - Wrist shot by Connor Dewar.
8:33 of 1st period - Stopped by Zachary Fucale with a rebound.
8:39 of 1st period - Wrist shot by Steven Spinner.
8:39 of 1st period - Stopped by Zachary Fucale without a rebound.
8:40 of 1st period - Lucas Wallmarkk wins face-off versus Joe Labate in Phantoms zone.
8:49 of 1st period - Snap shot by Lucas Wallmarkk.
8:49 of 1st period - Stopped by Ivan Fedotov with a rebound.
8:51 of 1st period - Wrist shot by Andrey Pedan.
8:51 of 1st period - Shot Blocked by Oliver Kylington.
9:41 of 1st period - Snap shot by Rhett Gardner.
9:41 of 1st period - Shot Misses the Net.
9:51 of 1st period - Slapshot by Mikko Lehtonen.
9:51 of 1st period - Shot Blocked by Jake Walman.
9:53 of 1st period - Snap shot by Lucas Wallmarkk.
9:53 of 1st period - Deflect By Jake Walman.
9:53 of 1st period - Shot Blocked by Jake Walman.
9:53 of 1st period - Puck is out of play.
9:54 of 1st period - Lucas Wallmarkk wins face-off versus Connor Dewar in Islander zone.
10:01 of 1st period - Snap shot by Lucas Wallmarkk.
10:01 of 1st period - Deflect By Alexander Yelesin.
10:01 of 1st period - Shot Blocked by Alexander Yelesin.
10:01 of 1st period - Puck is out of play.
10:02 of 1st period - Joe Labate wins face-off versus Lucas Wallmarkk in Islander zone.
10:15 of 1st period - Slapshot by Joe Labate.
10:15 of 1st period - Stopped by Zachary Fucale without a rebound.
10:16 of 1st period - Lucas Wallmarkk wins face-off versus Ben Thomson in Phantoms zone.
10:23 of 1st period - Snap shot by Lucas Wallmarkk.
10:23 of 1st period - Shot Misses the Net.
10:42 of 1st period - Oliver Kylington is hit by Andrey Pedan and loses puck.
11:08 of 1st period - Wrist shot by Rhett Gardner.
11:08 of 1st period - Goal by Rhett Gardner - Islander : 2 - Phantoms : 0.
11:09 of 1st period - Joe Labate wins face-off versus Lucas Wallmarkk in neutral zone.
11:46 of 1st period - Snap shot by Filip Zadina.
11:46 of 1st period - Shot Blocked by Blake Heinrich.
11:48 of 1st period - Minor Penalty to Rem Pitlick for Tripping.
11:49 of 1st period - Lucas Wallmarkk wins face-off versus Joe Labate in Phantoms zone.
12:18 of 1st period - Snap shot by Blake Heinrich.
12:18 of 1st period - Shot Blocked by Oliver Kylington.
12:28 of 1st period - Snap shot by Pavel Kraskovsky.
12:28 of 1st period - Shot Blocked by Blake Heinrich.
13:47 of 1st period - Icing by Ross Colton.
13:48 of 1st period - Penalty to Rem Pitlick is over, Rem Pitlick is back on ice.
13:48 of 1st period - David Kampf wins face-off versus Pavel Kraskovsky in Islander zone.
13:49 of 1st period - Wrist shot by Nick Sorensen.
13:49 of 1st period - Shot Blocked by Slater Koekkoek.
14:05 of 1st period - Noah Cates is hit by Laurent Dauphin and loses puck.
14:27 of 1st period - Off-side.
14:28 of 1st period - Lucas Wallmarkk wins face-off versus Joe Labate in neutral zone.
14:45 of 1st period - Rinat Valiev is hit by Austin Watson and loses puck.
14:58 of 1st period - Filip Zadina is hit by J.T. Brown and loses puck.
15:05 of 1st period - Snap shot by Rem Pitlick.
15:05 of 1st period - Stopped by Ivan Fedotov with a rebound.
15:07 of 1st period - Slapshot by Andrey Pedan.
15:07 of 1st period - Shot Blocked by Ross Colton.
15:09 of 1st period - Backhand shot by J.T. Brown.
15:09 of 1st period - Shot Blocked by Jake Walman.
15:27 of 1st period - Wrist shot by Jaden Lindo.
15:27 of 1st period - Shot Blocked by Matt Kiersted.
16:00 of 1st period - Snap shot by Joe Labate.
16:00 of 1st period - Shot Blocked by Matt Kiersted.
16:37 of 1st period - Rhett Gardner is hit by David Kampf and loses puck.
16:48 of 1st period - Rinat Valiev is hit by Jaden Lindo and loses puck.
17:20 of 1st period - Slater Koekkoek is hit by Brett Murray.
17:44 of 1st period - Blake Heinrich is hit by Pavel Kraskovsky and loses puck.
18:12 of 1st period - Andrey Pedan is hit by Steven Spinner and loses puck.
18:23 of 1st period - Jakub Galvas is hit by Joe Snively and loses puck.
19:02 of 1st period - Ross Colton is hit by Laurent Dauphin and loses puck.
19:33 of 1st period - Matt Kiersted is hit by Noah Cates and loses puck.
19:48 of 1st period - Wrist shot by Joe Snively.
19:48 of 1st period - Stopped by Ivan Fedotov with a rebound.
19:54 of 1st period - Slapshot by Slater Koekkoek.
19:54 of 1st period - Deflect By Steven Spinner.
19:54 of 1st period - Shot Blocked by Lucas Wallmarkk.
19:54 of 1st period - Puck is out of play.
19:55 of 1st period - Joe Labate wins face-off versus Sven Andrighetto in Phantoms zone.
19:56 of 1st period - Slapshot by Austin Watson.
19:56 of 1st period - Stopped by Zachary Fucale without a rebound.
19:57 of 1st period - Lucas Wallmarkk wins face-off versus Joe Labate in Phantoms zone.
Goals for this period are 2 for Islander vs 0 for Phantoms.
Shots for this period are 8 for Islander vs 4 for Phantoms.
2nd period
0:01 of 2nd period - Joe Labate wins face-off versus Lucas Wallmarkk in neutral zone.
1:01 of 2nd period - Jaden Lindo is hit by Mikko Lehtonen and loses puck.
1:42 of 2nd period - Snap shot by David Kampf.
1:42 of 2nd period - Shot Misses the Net.
2:10 of 2nd period - Wrist shot by Nick Sorensen.
2:10 of 2nd period - Deflect By Jake Walman.
2:10 of 2nd period - Stopped by Ivan Fedotov with a rebound.
2:18 of 2nd period - Wrist shot by Rhett Gardner.
2:18 of 2nd period - Shot Blocked by David Kampf.
2:26 of 2nd period - Slapshot by Blake Heinrich.
2:26 of 2nd period - Stopped by Ivan Fedotov without a rebound.
2:27 of 2nd period - Lucas Wallmarkk wins face-off versus Joe Labate in Islander zone.
2:52 of 2nd period - Oliver Kylington is hit by J.T. Brown and loses puck.
3:17 of 2nd period - Filip Zadina is hit by Brett Murray and loses puck.
3:22 of 2nd period - Slapshot by Brett Murray.
3:22 of 2nd period - Stopped by Ivan Fedotov without a rebound.
3:23 of 2nd period - Laurent Dauphin wins face-off versus Joe Labate in Islander zone.
3:36 of 2nd period - Snap shot by Laurent Dauphin.
3:36 of 2nd period - Stopped by Ivan Fedotov without a rebound.
3:37 of 2nd period - Joe Labate wins face-off versus Lucas Wallmarkk in Islander zone.
3:39 of 2nd period - Minor Penalty to Jakub Galvas for Hooking.
3:40 of 2nd period - Joe Labate wins face-off versus Lucas Wallmarkk in Islander zone.
3:56 of 2nd period - Wrist shot by Sven Andrighetto.
3:56 of 2nd period - Goal by Sven Andrighetto - Islander : 2 - Phantoms : 1.
3:57 of 2nd period - Joe Labate wins face-off versus Lucas Wallmarkk in neutral zone.
4:35 of 2nd period - Pavel Kraskovsky is hit by Cristoval Nieves and loses puck.
5:15 of 2nd period - Slapshot by Joe Snively.
5:15 of 2nd period - Shot Misses the Net.
5:29 of 2nd period - Rem Pitlick is hit by Pavel Koltygin and loses puck.
5:40 of 2nd period - Slapshot by Oliver Kylington.
5:40 of 2nd period - Stopped by Zachary Fucale with a rebound.
5:54 of 2nd period - Snap shot by Ross Colton.
5:54 of 2nd period - Stopped by Zachary Fucale without a rebound.
5:55 of 2nd period - Laurent Dauphin wins face-off versus Joe Labate in Phantoms zone.
6:09 of 2nd period - Minor Penalty to Simon Benoit for Roughing.
6:10 of 2nd period - Lucas Wallmarkk wins face-off versus Joe Labate in Islander zone.
6:22 of 2nd period - Snap shot by Ben Thomson.
6:22 of 2nd period - Shot Misses the Net.
6:45 of 2nd period - Ben Thomson is hit by Blake Heinrich and loses puck.
8:09 of 2nd period - Penalty to Simon Benoit is over, Simon Benoit is back on ice.
8:13 of 2nd period - Oliver Kylington is hit by J.T. Brown and loses puck.
8:20 of 2nd period - Wrist shot by A.J. Greer.
8:20 of 2nd period - Shot Misses the Net.
8:22 of 2nd period - Wrist shot by J.T. Brown.
8:22 of 2nd period - Shot Misses the Net.
8:34 of 2nd period - Wrist shot by Ben Thomson.
8:34 of 2nd period - Deflect By Matt Kiersted.
8:34 of 2nd period - Stopped by Zachary Fucale without a rebound.
8:35 of 2nd period - Pavel Kraskovsky wins face-off versus Laurent Dauphin in Phantoms zone.
8:36 of 2nd period - Snap shot by Filip Zadina.
8:36 of 2nd period - Deflect By Brett Murray.
8:36 of 2nd period - Shot Misses the Net.
8:36 of 2nd period - Puck is out of play.
8:37 of 2nd period - Pavel Kraskovsky wins face-off versus Lucas Wallmarkk in Phantoms zone.
8:38 of 2nd period - Wrist shot by Filip Zadina.
8:38 of 2nd period - Shot Blocked by Lucas Wallmarkk.
8:40 of 2nd period - Snap shot by Pavel Kraskovsky.
8:40 of 2nd period - Deflect By Filip Zadina.
8:40 of 2nd period - Shot Misses the Net.
8:40 of 2nd period - Puck is out of play.
8:41 of 2nd period - Pavel Kraskovsky wins face-off versus Lucas Wallmarkk in Phantoms zone.
8:42 of 2nd period - Slapshot by Filip Zadina.
8:42 of 2nd period - Stopped by Zachary Fucale with a rebound.
8:50 of 2nd period - Slapshot by Joe Snively.
8:50 of 2nd period - Stopped by Ivan Fedotov without a rebound.
8:51 of 2nd period - Pavel Kraskovsky wins face-off versus Sven Andrighetto in Islander zone.
9:09 of 2nd period - Snap shot by Ross Colton.
9:09 of 2nd period - Stopped by Zachary Fucale without a rebound.
9:10 of 2nd period - Cristoval Nieves wins face-off versus Joe Labate in Phantoms zone.
9:35 of 2nd period - Pavel Kraskovsky is hit by Lucas Wallmarkk and loses puck.
9:40 of 2nd period - Snap shot by Joe Snively.
9:40 of 2nd period - Stopped by Ivan Fedotov without a rebound.
9:41 of 2nd period - Lucas Wallmarkk wins face-off versus Joe Labate in Islander zone.
10:27 of 2nd period - Cristoval Nieves is hit by Pavel Kraskovsky and loses puck.
11:11 of 2nd period - Snap shot by Rem Pitlick.
11:11 of 2nd period - Shot Misses the Net.
11:13 of 2nd period - Snap shot by Mikko Lehtonen.
11:13 of 2nd period - Shot Blocked by Slater Koekkoek.
11:15 of 2nd period - Snap shot by J.T. Brown.
11:15 of 2nd period - Shot Misses the Net.
11:17 of 2nd period - Wrist shot by Cristoval Nieves.
11:17 of 2nd period - Shot Misses the Net.
11:19 of 2nd period - Wrist shot by Rem Pitlick.
11:19 of 2nd period - Deflect By Cristoval Nieves.
11:19 of 2nd period - Stopped by Ivan Fedotov with a rebound.
11:21 of 2nd period - Wrist shot by Blake Heinrich.
11:21 of 2nd period - Deflect By Slater Koekkoek.
11:21 of 2nd period - Stopped by Ivan Fedotov with a rebound.
11:23 of 2nd period - Slapshot by Blake Heinrich.
11:23 of 2nd period - Stopped by Ivan Fedotov with a rebound.
11:25 of 2nd period - Snap shot by J.T. Brown.
11:25 of 2nd period - Goal by J.T. Brown - Islander : 2 - Phantoms : 2.
11:26 of 2nd period - Joe Labate wins face-off versus Lucas Wallmarkk in neutral zone.
11:35 of 2nd period - Snap shot by Joe Labate.
11:35 of 2nd period - Goal by Joe Labate - Islander : 3 - Phantoms : 2.
11:36 of 2nd period - Ben Thomson wins face-off versus Lucas Wallmarkk in neutral zone.
11:49 of 2nd period - Jake Walman is hit by Joe Snively and loses puck.
12:24 of 2nd period - Snap shot by Jaden Lindo.
12:24 of 2nd period - Shot Misses the Net.
12:50 of 2nd period - Snap shot by Joe Snively.
12:50 of 2nd period - Shot Misses the Net.
13:12 of 2nd period - Slapshot by Oliver Kylington.
13:12 of 2nd period - Stopped by Zachary Fucale without a rebound.
13:13 of 2nd period - Cristoval Nieves wins face-off versus Joe Labate in Phantoms zone.
13:24 of 2nd period - Slapshot by Joe Labate.
13:24 of 2nd period - Shot Misses the Net.
13:34 of 2nd period - Minor Penalty to Rem Pitlick for Boarding.
13:35 of 2nd period - Lucas Wallmarkk wins face-off versus Joe Labate in Phantoms zone.
14:09 of 2nd period - Icing by Ross Colton.
14:10 of 2nd period - Pavel Kraskovsky wins face-off versus Cristoval Nieves in Islander zone.
14:23 of 2nd period - Slapshot by Pavel Kraskovsky.
14:23 of 2nd period - Shot Misses the Net.
14:37 of 2nd period - Slapshot by Oliver Kylington.
14:37 of 2nd period - Stopped by Zachary Fucale with a rebound.
14:44 of 2nd period - Icing by Ben Thomson.
14:45 of 2nd period - Lucas Wallmarkk wins face-off versus Ben Thomson in Islander zone.
14:46 of 2nd period - Wrist shot by Sven Andrighetto.
14:46 of 2nd period - Shot Misses the Net.
15:04 of 2nd period - Wrist shot by Joe Labate.
15:04 of 2nd period - Goal by Joe Labate - Islander : 4 - Phantoms : 2.
15:05 of 2nd period - Lucas Wallmarkk wins face-off versus Joe Labate in neutral zone.
15:55 of 2nd period - Blake Heinrich is hit by Rhett Gardner.
16:23 of 2nd period - Snap shot by Connor Dewar.
16:23 of 2nd period - Shot Misses the Net.
16:25 of 2nd period - Slapshot by Alexander Yelesin.
16:25 of 2nd period - Stopped by Zachary Fucale with a rebound.
16:27 of 2nd period - Slapshot by Alexander Yelesin.
16:27 of 2nd period - Deflect By Steven Spinner.
16:27 of 2nd period - Shot Hit the Post.
16:27 of 2nd period - Puck is out of play.
16:28 of 2nd period - Lucas Wallmarkk wins face-off versus Joe Labate in Phantoms zone.
16:40 of 2nd period - Off-side.
16:41 of 2nd period - Joe Labate wins face-off versus Lucas Wallmarkk in neutral zone.
16:53 of 2nd period - Icing by Joe Snively.
16:54 of 2nd period - Ben Thomson wins face-off versus Lucas Wallmarkk in Phantoms zone.
17:06 of 2nd period - Icing by Blake Heinrich.
17:07 of 2nd period - Lucas Wallmarkk wins face-off versus Joe Labate in Phantoms zone.
17:14 of 2nd period - Snap shot by Joe Snively.
17:14 of 2nd period - Stopped by Ivan Fedotov without a rebound.
17:15 of 2nd period - Joe Labate wins face-off versus Joe Snively in Islander zone.
17:29 of 2nd period - Icing by Rinat Valiev.
17:30 of 2nd period - Lucas Wallmarkk wins face-off versus Pavel Kraskovsky in Phantoms zone.
17:41 of 2nd period - Slapshot by Filip Zadina.
17:41 of 2nd period - Stopped by Zachary Fucale without a rebound.
17:42 of 2nd period - Lucas Wallmarkk wins face-off versus Joe Labate in Phantoms zone.
18:07 of 2nd period - Slater Koekkoek is hit by Mikko Lehtonen and loses puck.
18:18 of 2nd period - Snap shot by Rem Pitlick.
18:18 of 2nd period - Deflect By J.T. Brown.
18:18 of 2nd period - Stopped by Ivan Fedotov with a rebound.
18:56 of 2nd period - Wrist shot by Ben Thomson.
18:56 of 2nd period - Deflect By Joe Labate.
18:56 of 2nd period - Stopped by Zachary Fucale with a rebound.
18:58 of 2nd period - Slapshot by Joe Labate.
18:58 of 2nd period - Deflect By Ben Thomson.
18:58 of 2nd period - Stopped by Zachary Fucale with a rebound.
19:00 of 2nd period - Slapshot by Austin Watson.
19:00 of 2nd period - Shot Misses the Net.
19:02 of 2nd period - Wrist shot by Austin Watson.
19:02 of 2nd period - Shot Misses the Net.
19:04 of 2nd period - Slapshot by Slater Koekkoek.
19:04 of 2nd period - Deflect By Matt Kiersted.
19:04 of 2nd period - Stopped by Zachary Fucale without a rebound.
19:05 of 2nd period - Ross Colton wins face-off versus Lucas Wallmarkk in Phantoms zone.
19:43 of 2nd period - Icing by Joe Labate.
19:44 of 2nd period - Lucas Wallmarkk wins face-off versus Austin Watson in Islander zone.
19:51 of 2nd period - Snap shot by Austin Watson.
19:51 of 2nd period - Stopped by Zachary Fucale with a rebound.
Goals for this period are 2 for Islander vs 2 for Phantoms.
Shots for this period are 15 for Islander vs 13 for Phantoms.
3rd period
0:01 of 3rd period - Joe Labate wins face-off versus Lucas Wallmarkk in neutral zone.
0:26 of 3rd period - Slater Koekkoek is hit by J.T. Brown and loses puck.
1:07 of 3rd period - Rinat Valiev is hit by Steven Spinner and loses puck.
1:28 of 3rd period - Wrist shot by Rem Pitlick.
1:28 of 3rd period - Deflect By Simon Benoit.
1:28 of 3rd period - Shot Misses the Net.
1:28 of 3rd period - Puck is out of play.
1:29 of 3rd period - Joe Labate wins face-off versus Cristoval Nieves in Islander zone.
1:36 of 3rd period - Snap shot by Ben Thomson.
1:36 of 3rd period - Shot Misses the Net.
2:45 of 3rd period - Blake Heinrich is hit by Noah Cates.
3:07 of 3rd period - Snap shot by Joe Labate.
3:07 of 3rd period - Stopped by Zachary Fucale without a rebound.
3:08 of 3rd period - Cristoval Nieves wins face-off versus Pavel Kraskovsky in Phantoms zone.
3:08 of 3rd period - Cristoval Nieves is hit by Filip Zadina.
3:16 of 3rd period - Snap shot by Rem Pitlick.
3:16 of 3rd period - Stopped by Ivan Fedotov without a rebound.
3:17 of 3rd period - J.T. Brown wins face-off versus Pavel Kraskovsky in Islander zone.
3:24 of 3rd period - Slapshot by Rem Pitlick.
3:24 of 3rd period - Shot Hit the Post.
3:42 of 3rd period - Snap shot by Pavel Kraskovsky.
3:42 of 3rd period - Shot Blocked by Mikko Lehtonen.
3:44 of 3rd period - Snap shot by Oliver Kylington.
3:44 of 3rd period - Stopped by Zachary Fucale without a rebound.
3:45 of 3rd period - Lucas Wallmarkk wins face-off versus Joe Labate in Phantoms zone.
4:15 of 3rd period - Off-side.
4:16 of 3rd period - Rhett Gardner wins face-off versus David Kampf in neutral zone.
4:27 of 3rd period - Mikko Lehtonen is hit by Rhett Gardner and loses puck.
4:34 of 3rd period - Noah Cates is hit by Blake Heinrich and loses puck.
4:41 of 3rd period - Snap shot by David Kampf.
4:41 of 3rd period - Stopped by Ivan Fedotov without a rebound.
4:42 of 3rd period - Joe Labate wins face-off versus Lucas Wallmarkk in Islander zone.
4:42 of 3rd period - Joe Labate is hit by Andrey Pedan.
4:45 of 3rd period - Minor Penalty to Joe Labate for Interference.
4:46 of 3rd period - Rhett Gardner wins face-off versus Lucas Wallmarkk in Islander zone.
4:50 of 3rd period - Joe Snively is hit by Ben Thomson and loses puck.
4:56 of 3rd period - Minor Penalty to Lucas Wallmarkk for Roughing.
4:57 of 3rd period - Rhett Gardner wins face-off versus J.T. Brown in Phantoms zone.
5:07 of 3rd period - Slapshot by Oliver Kylington.
5:07 of 3rd period - Shot Blocked by Blake Heinrich.
5:38 of 3rd period - Wrist shot by Ross Colton.
5:38 of 3rd period - Stopped by Zachary Fucale without a rebound.
5:39 of 3rd period - Ross Colton wins face-off versus Nick Sorensen in Phantoms zone.
5:42 of 3rd period - Wrist shot by Connor Dewar.
5:42 of 3rd period - Shot Misses the Net.
5:44 of 3rd period - Snap shot by Jake Walman.
5:44 of 3rd period - Shot Misses the Net.
5:46 of 3rd period - Snap shot by Alexander Yelesin.
5:46 of 3rd period - Deflect By Blake Heinrich.
5:46 of 3rd period - Stopped by Zachary Fucale without a rebound.
5:47 of 3rd period - Rhett Gardner wins face-off versus J.T. Brown in Phantoms zone.
5:50 of 3rd period - Snap shot by Ben Thomson.
5:50 of 3rd period - Stopped by Zachary Fucale without a rebound.
5:51 of 3rd period - Rhett Gardner wins face-off versus J.T. Brown in Phantoms zone.
5:56 of 3rd period - Snap shot by Oliver Kylington.
5:56 of 3rd period - Stopped by Zachary Fucale without a rebound.
5:57 of 3rd period - J.T. Brown wins face-off versus Rhett Gardner in Phantoms zone.
6:20 of 3rd period - Snap shot by Rhett Gardner.
6:20 of 3rd period - Shot Misses the Net.
6:22 of 3rd period - Slapshot by Oliver Kylington.
6:22 of 3rd period - Stopped by Zachary Fucale with a rebound.
6:24 of 3rd period - Snap shot by Ben Thomson.
6:24 of 3rd period - Shot Misses the Net.
6:26 of 3rd period - Wrist shot by Rhett Gardner.
6:26 of 3rd period - Stopped by Zachary Fucale with a rebound.
6:28 of 3rd period - Slapshot by Ben Thomson.
6:28 of 3rd period - Shot Misses the Net.
6:45 of 3rd period - Penalty to Joe Labate is over, Joe Labate is back on ice.
6:56 of 3rd period - Penalty to Lucas Wallmarkk is over, Lucas Wallmarkk is back on ice.
6:56 of 3rd period - Snap shot by Joe Labate.
6:56 of 3rd period - Shot Blocked by Blake Heinrich.
6:58 of 3rd period - Slapshot by Slater Koekkoek.
6:58 of 3rd period - Deflect By Rhett Gardner.
6:58 of 3rd period - Stopped by Zachary Fucale with a rebound.
7:00 of 3rd period - Slapshot by Oliver Kylington.
7:00 of 3rd period - Shot Blocked by Lucas Wallmarkk.
7:02 of 3rd period - Wrist shot by Oliver Kylington.
7:02 of 3rd period - Shot Blocked by Mikko Lehtonen.
7:25 of 3rd period - Snap shot by Ben Thomson.
7:25 of 3rd period - Stopped by Zachary Fucale without a rebound.
7:26 of 3rd period - Pavel Kraskovsky wins face-off versus David Kampf in Phantoms zone.
7:37 of 3rd period - Snap shot by Filip Zadina.
7:37 of 3rd period - Shot Misses the Net.
7:39 of 3rd period - Slapshot by Jake Walman.
7:39 of 3rd period - Shot Misses the Net.
9:54 of 3rd period - Rem Pitlick is hit by Pavel Koltygin and loses puck.
10:54 of 3rd period - Rinat Valiev is hit by Steven Spinner and loses puck.
11:20 of 3rd period - Mikko Lehtonen is hit by Jaden Lindo and loses puck.
11:40 of 3rd period - Brett Murray is hit by Oliver Kylington and loses puck.
11:56 of 3rd period - J.T. Brown is hit by Joe Labate and loses puck.
12:07 of 3rd period - Snap shot by Filip Zadina.
12:07 of 3rd period - Stopped by Zachary Fucale with a rebound.
12:09 of 3rd period - Backhand shot by Alexander Yelesin.
12:09 of 3rd period - Shot Misses the Net.
12:11 of 3rd period - Slapshot by Jakub Galvas.
12:11 of 3rd period - Shot Misses the Net.
12:36 of 3rd period - Cristoval Nieves is hit by Connor Dewar and loses puck.
12:59 of 3rd period - Wrist shot by Joe Snively.
12:59 of 3rd period - Stopped by Ivan Fedotov without a rebound.
13:00 of 3rd period - David Kampf wins face-off versus Pavel Kraskovsky in Islander zone.
13:15 of 3rd period - Wrist shot by David Kampf.
13:15 of 3rd period - Stopped by Ivan Fedotov with a rebound.
13:43 of 3rd period - Wrist shot by Pavel Kraskovsky.
13:43 of 3rd period - Shot Blocked by A.J. Greer.
13:45 of 3rd period - Wrist shot by Ross Colton.
13:45 of 3rd period - Deflect By Pavel Kraskovsky.
13:45 of 3rd period - Goal by Pavel Kraskovsky - Islander : 5 - Phantoms : 2.
13:46 of 3rd period - Joe Labate wins face-off versus Lucas Wallmarkk in neutral zone.
13:49 of 3rd period - Lucas Wallmarkk is hit by Joe Labate and loses puck.
14:08 of 3rd period - Minor Penalty to Matt Kiersted for High sticking.
14:09 of 3rd period - Lucas Wallmarkk wins face-off versus Joe Labate in Phantoms zone.
15:14 of 3rd period - Andrey Pedan is hit by Ben Thomson and loses puck.
16:08 of 3rd period - Penalty to Matt Kiersted is over, Matt Kiersted is back on ice.
16:16 of 3rd period - Alexander Yelesin is hit by Matt Kiersted and loses puck.
16:37 of 3rd period - Pavel Koltygin is hit by J.T. Brown and loses puck.
16:50 of 3rd period - Snap shot by David Kampf.
16:50 of 3rd period - Stopped by Ivan Fedotov with a rebound.
16:57 of 3rd period - Minor Penalty to Mikko Lehtonen for High sticking.
16:58 of 3rd period - Pavel Kraskovsky wins face-off versus Lucas Wallmarkk in Phantoms zone.
17:09 of 3rd period - Snap shot by Pavel Kraskovsky.
17:09 of 3rd period - Shot Hit the Post.
17:11 of 3rd period - Wrist shot by Oliver Kylington.
17:11 of 3rd period - Stopped by Zachary Fucale with a rebound.
17:13 of 3rd period - Slapshot by Ross Colton.
17:13 of 3rd period - Stopped by Zachary Fucale without a rebound.
17:14 of 3rd period - Joe Labate wins face-off versus Lucas Wallmarkk in Phantoms zone.
17:39 of 3rd period - Sven Andrighetto is hit by Pavel Kraskovsky and loses puck.
17:45 of 3rd period - Off-side.
17:46 of 3rd period - Cristoval Nieves wins face-off versus Joe Labate in neutral zone.
18:13 of 3rd period - Snap shot by Oliver Kylington.
18:13 of 3rd period - Stopped by Zachary Fucale with a rebound.
18:25 of 3rd period - Sven Andrighetto is hit by Joe Labate and loses puck.
18:57 of 3rd period - Penalty to Mikko Lehtonen is over, Mikko Lehtonen is back on ice.
19:11 of 3rd period - Slapshot by A.J. Greer.
19:11 of 3rd period - Stopped by Ivan Fedotov with a rebound.
19:48 of 3rd period - Slapshot by Laurent Dauphin.
19:48 of 3rd period - Shot Blocked by Austin Watson.
19:50 of 3rd period - Snap shot by Laurent Dauphin.
19:50 of 3rd period - Goal by Laurent Dauphin - Islander : 5 - Phantoms : 3.
19:51 of 3rd period - David Kampf wins face-off versus Rhett Gardner in neutral zone.
Goals for this period are 1 for Islander vs 1 for Phantoms.
Shots for this period are 15 for Islander vs 7 for Phantoms.